 Dungeon Crawl Stone Soup version 0.29.1-15-g9cfb28693d (webtiles) character file.

Game seed: 5417803617344943510

38 pokedragonboy the Grave Robber (level 3, 19/19 HPs)
             Began as a Deep Elf Necromancer on Mar 3, 2023.
             Quit the game on level 2 of the Dungeon.
             The game lasted 00:10:02 (1624 turns).

pokedragonboy the Grave Robber (DENe)               Turns: 1624, Time: 00:10:03

Health: 19/19      AC:  2    Str:  5    XL:     3   Next: 25%
Magic:  7/10       EV: 12    Int: 21    God:
Gold:   67         SH:  0    Dex: 15    Spells: 8/9 levels left

rFire   . . .      SeeInvis .   h - +1 short sword (drain)
rCold   . . .      Faith    .   (no shield)
rNeg    . . .      Spirit   .   a - +0 robe
rPois   .          Reflect  .   (no helmet)
rElec   .          Harm     .   (no cloak)
rCorr   .          Rampage  .   (no gloves)
Will    .....                   (no boots)
Stlth   ++........              (no amulet)
HPRegen 0.06/turn               m - ring of flight
MPRegen 0.12/turn               (no ring)

@: flying
A: no striking features
a: no special abilities


You were on level 2 of the Dungeon.
You visited 1 branch of the dungeon, and saw 2 of its levels.

You collected 67 gold pieces.

Inventory:

Hand Weapons
 f - a +0 short sword
 h - a +1 short sword of draining (weapon)
Armour
 a - a +0 robe (worn)
Jewellery
 m - a ring of flight (left hand)
Scrolls
 e - a scroll of immolation {unknown}
 i - 2 scrolls of vulnerability {unknown}
 k - a scroll of silence {unknown}
 l - a scroll of identify {unknown}
 n - a scroll of teleportation {unknown}
Potions
 b - a potion of magic
 c - a potion of brilliance {unknown}
 d - a potion of heal wounds {unknown}
 g - 2 potions of resistance {unknown}
 j - a potion of lignification {unknown}


   Skills:
 - Level 2.4 Dodging
 + Level 3.1 Stealth
 * Level 3.9 Spellcasting
 * Level 5.4 Necromancy


You had 8 spell levels left.
You knew the following spells:

 Your Spells              Type           Power      Damage    Failure   Level
a - Necrotise             Necr           100%       1d9       1%          1

Your spell library contained the following spells:

 Spells                   Type           Power      Damage    Failure   Level
 Vampiric Draining        Necr           26%        2d7       3%          3
 Animate Dead             Necr           26%        N/A       13%         4
 Agony                    Necr           26%        N/A       34%         5
 Gell's Gravitas          Tloc           4%         N/A       36%         3
 Teleport Other           Tloc           4%         N/A       36%         3
 Dispersal                Tloc           2%         N/A       100%        6


Dungeon Overview and Level Annotations

Branches:
Dungeon (2/15)

Altars:


Message History

Aiming: Necrotise (safe; 1% risk of failure)
Press: ? - help, Q - select action Shift-Dir - straight line, f - you
Okay, then.
Found a sling.
Aiming: Necrotise (safe; 1% risk of failure)
Press: ? - help, Q - select action Shift-Dir - straight line, f - dart slug
Aim: a dart slug (asleep, chance to affect: 93%)
The dart slug writhes in agony!
Aiming: Necrotise (safe; 1% risk of failure)
Press: ? - help, Q - select action Shift-Dir - straight line, f/p - dart slug
Aim: a dart slug (almost dead, chance to affect: 93%)
The dart slug writhes in agony.
You kill the dart slug!
Found a ring mail and 2 throwing nets.
A goblin comes into view. It is wielding a +0 dagger.
Found an escape hatch in the ceiling.
A ball python comes into view.
Found a glowing emerald potion.
Aiming: Necrotise (safe; 1% risk of failure)
Press: ? - help, Q - select action Shift-Dir - straight line, f - goblin
Aim: a goblin, wielding a +0 dagger (chance to affect: 93%)
The goblin writhes in agony!
You kill the goblin!
The dead are walking!
The ball python hisses angrily.
Found a stone staircase leading up.
Your goblin skeleton misses the ball python.
Aiming: Necrotise (safe; 1% risk of failure)
Press: ? - help, Q - select action Shift-Dir - straight line, f - ball python
Aim: a ball python (ally target, chance to affect: 93%)
The ball python writhes in agony!
You kill the ball python!
The dead are slithering!
Okay, then.
Okay, then.
Save game and exit?
Okay, then.
Save game and exit?
Okay, then.
Are you sure you want to abandon this character and quit the game? (Confirm with "yes".)

#.#.# #.##.
#.......#
<..#.####.......#
....[........####
# #.......†...#
#.#...........#
.............#
####......)...#
.........)....#
###...@Z.(...#
..............#
.......Z.....<#
...!..........#
..............#
####..........#
#..........#
#..........#


You could see a friendly ball python skeleton and a friendly goblin skeleton.

Vanquished Creatures
  A dart slug (D:2)
  7 ball pythons
  5 bats
  2 giant cockroaches (D:1)
  3 goblins
  4 hobgoblins
  3 jackals (D:2)
  A quokka (D:1)
  2 frilled lizards (D:1)
  A kobold (D:1)
  3 rats
32 creatures vanquished.

Vanquished Creatures (collateral kills)
  A jackal (D:2)
  A ball python (D:1)
2 creatures vanquished.

Grand Total: 34 creatures vanquished

Notes
Turn   | Place    | Note
-------+----------+-------------------------------------------
     0 | D:1      | pokedragonboy the Deep Elf Necromancer began the quest for
                  | the Orb.
     0 | D:1      | Reached XP level 1. HP: 10/10 MP: 6/6
   158 | D:1      | Reached skill level 5 in Necromancy
   162 | D:1      | You fall into a shaft and drop 1 floor!
   294 | D:2      | Reached XP level 2. HP: 8/15 MP: 4/8
   585 | D:1      | Found a faded altar of an unknown god.
  1143 | D:1      | Reached XP level 3. HP: 19/19 MP: 7/10
  1624 | D:2      | Quit the game

Illustrated notes

Levels and vault maps discovered:
D:1:      dpeg_arrival_rooms_b, layout_basic, nicolae_ecumenical_snake_handling,
          serial_bayou_crossing
D:2:      layout_basic, serial_shops, shop

Skill      XL: |  1  2  3 |
---------------+----------+-----
Necromancy     | 5 |  5.4
Stealth        | 3 |  3.1
Dodging        | |  2.4
Spellcasting   | |  3.9

Action                   || total
-------------------------++-------
Melee: Short sword       ||    12
 Cast: Necrotise         ||    40
Armor: Robe              ||     7
Dodge: Dodged            ||    15
